 Dungeon Crawl Stone Soup version 0.29-a0-872-g797fff5ad1 (webtiles) character file.

Game seed: 4123643869636666881

23 mcwallace the Chiller (level 2, 0/20 HPs)
             Began as a Gnoll Ice Elementalist on July 19, 2022.
             Slain by a bat (1 damage)
             ... on level 2 of the Dungeon.
             The game lasted 00:01:49 (1467 turns).

mcwallace the Chiller (Gnoll Ice Elementalist)      Turns: 1467, Time: 00:01:50

Health: 0/20       AC:  2    Str:  7    XL:     2   Next: 95%
Magic:  7/7        EV: 13    Int: 14    God:
Gold:   57         SH:  0    Dex: 12    Spells: 9/10 levels left

rFire   . . .      SeeInvis .   f - +0 short sword {short}
rCold   . . .      Faith    .   (no shield)
rNeg    . . .      Spirit   .   a - +0 robe
rPois   .          Reflect  .   (no helmet)
rElec   .          Harm     .   (no cloak)
rCorr   .          Rampage  .   (no gloves)
Will    .....                   (no boots)
Stlth   ++........              (no amulet)
HPRegen 0.06/turn               (no ring)
MPRegen 0.10/turn               (no ring)

@: no status effects
A: fangs 1, strong nose, distributed training
a: no special abilities


You were on level 2 of the Dungeon.
You visited 1 branch of the dungeon, and saw 2 of its levels.

You collected 57 gold pieces.


Innate Abilities, Weirdness & Mutations

You have very sharp teeth.
Your uncanny sense of smell can sniff out nearby items.
Your experience applies equally to all skills.


   Skills:
 + Level 0.5 Fighting
 + Level 0.5 Short Blades
 + Level 0.5 Long Blades
 + Level 0.5 Axes
 + Level 0.5 Maces & Flails
 + Level 0.5 Polearms
 + Level 0.5 Staves
 + Level 0.5 Ranged Weapons
 + Level 0.5 Throwing
 + Level 0.5 Armour
 + Level 4.5 Dodging
 + Level 4.1 Stealth
 + Level 0.5 Shields
 + Level 0.5 Unarmed Combat
 + Level 4.9 Spellcasting
 + Level 0.4 Conjurations
 + Level 0.4 Hexes
 + Level 0.4 Summonings
 + Level 0.4 Necromancy
 + Level 0.4 Translocations
 + Level 0.4 Transmutations
 + Level 0.4 Fire Magic
 + Level 7.0 Ice Magic
 + Level 0.4 Air Magic
 + Level 0.4 Earth Magic
 + Level 0.4 Poison Magic
 + Level 0.7 Invocations
 + Level 0.5 Evocations


You had 9 spell levels left.
You knew the following spells:

 Your Spells              Type           Power      Damage    Failure   Level
a - Freeze                Ice            92%        1d10      1%          1

Your spell library contained the following spells:

 Spells                   Type           Power      Damage    Failure   Level
 Frozen Ramparts          Ice            46%        1d6       2%          3
 Ozocubu's Armour         Ice            23%        N/A       2%          3
 Hailstorm                Conj/Ice       13%        3d5       36%         4

Inventory:

Hand Weapons
 f - a +0 short sword (weapon) {short}
   (You took it off a kobold on level 1 of the Dungeon)
Missiles
 d - 7 stones {throwing}
Armour
 a - a +0 robe (worn)
 g - a +0 chain mail
   (You found it on level 1 of the Dungeon)
 m - a +0 robe
   (You found it on level 1 of the Dungeon)
 n - a +0 robe
   (You found it on level 2 of the Dungeon)
Scrolls
 e - a scroll of torment {unknown}
 i - 3 scrolls of magic mapping {unknown}
 k - a scroll of identify {unknown}
 l - a scroll of enchant weapon {unknown}
Potions
 b - a potion of magic
 c - 2 potions of brilliance {unknown}
 h - 2 potions of heal wounds {unknown}
 j - a potion of curing {unknown}

Dungeon Overview and Level Annotations

Branches:
Dungeon (2/15) Zot: 10529

Altars:

#######..##
..........+
..........# ..
..........# ...
......?...#....
..........#....
......KBB..#
########....####
.......@b.......
########......####
.#########!...#.#...
...................
.....####....##...#
................##
#....†.......# #
#...)........####.
##....†......#...


You could see 2 giant cockroaches and a bat.


Message History

The dart slug launches a dart at you. The slug dart misses you.
You hit the dart slug but do no damage. The dart slug launches a dart at you.
The slug dart misses you.
You hit the dart slug. You hit the dart slug but do no damage.
The dart slug bites you but does no damage.
You hit the dart slug but do no damage.
The dart slug bites you but does no damage.
You hit the dart slug. You hit the dart slug but do no damage.
You bite the dart slug. The dart slug closely misses you.
Casting: Freeze (safe; 1% risk of failure)
Confirm with . or Enter, or press ? or * to list all spells.
Aiming: Freeze (safe; 1% risk of failure)
Press: ? - help, Shift-Dir - straight line, f - dart slug
Aim: a dart slug (severely wounded)
You freeze the dart slug.
You kill the dart slug! 😕 MP[-1]
You lost 1 mp, and now have 6/7 mp.
You now have 45 gold pieces (gained 5).
You now have 57 gold pieces (gained 12).
Key pressed, stopping explore.
A giant cockroach comes into view.
You see here a fuming puce potion. 😎 HP[+1] MP[+1]
Your hp is fully restored (20).
Your mp is fully restored (7).
A giant cockroach is nearby!
A giant cockroach is nearby!
A giant cockroach is nearby!
A giant cockroach is nearby!
A kobold comes into view. It is wielding a +0 short sword.
The kobold shouts!
A bat comes into view.
You hit the giant cockroach.
The giant cockroach bites you but does no damage.
The giant cockroach bites you. 😕 HP[-1]
You take 1 damage, and now have 19/20 hp.
You barely miss the giant cockroach. The bat hits you.
The giant cockroach completely misses you. 😕 HP[-1]
You take 1 damage, and now have 18/20 hp.
You hit the giant cockroach. The bat misses you.
The kobold throws a stone.
The stone closely misses you.
The giant cockroach bites you but does no damage.
The bat hits you but does no damage.
You hit the giant cockroach but do no damage.
You bite the giant cockroach, but do no damage.
The bat closely misses you. The giant cockroach barely misses you.
The giant cockroach bites you.
A giant cockroach comes into view. 😕 HP[-2]
You take 2 damage, and now have 16/20 hp.
You hit the giant cockroach but do no damage.
The bat closely misses you.
The giant cockroach closely misses you. 😕 HP[+1]
You hit the giant cockroach. The bat hits you but does no damage.
The giant cockroach barely misses you. The kobold barely misses you.
You barely miss the giant cockroach. The bat hits you but does no damage.
The giant cockroach misses you. The kobold barely misses you.
The bat hits you but does no damage.
The giant cockroach bites you but does no damage.
You hit the giant cockroach but do no damage.
The bat barely misses you. The kobold completely misses you.
The giant cockroach bites you. x2
There are monsters nearby! 😮 HP[-3]
You take 3 damage, and now have 14/20 hp.
The giant cockroach attacks as you move away!
The giant cockroach barely misses you. The bat barely misses you.
The kobold hits you with a +0 short sword.
* * * LOW HITPOINT WARNING * * *
The giant cockroach closely misses you. The bat closely misses you. 😨 HP[-4]
You take 4 damage, and now have 10/20 hp.
You closely miss the bat. The bat hits you.
* * * LOW HITPOINT WARNING * * *
The bat misses you. The giant cockroach misses you.
The giant cockroach bites you but does no damage.
The kobold hits you with a +0 short sword.
* * * LOW HITPOINT WARNING * * *
😱 HP[-5]
You take 5 damage, and now have 5/20 hp.
MASSIVE DAMAGE!! (PAUSE)
The kobold attacks as you move away!
The kobold hits you with a +0 short sword.
* * * LOW HITPOINT WARNING * * *
The bat misses you. The bat closely misses you.
The giant cockroach closely misses you. The bat misses you.
The giant cockroach barely misses you. 😱 HP[-3]
You take 3 damage, and now have 2/20 hp.
The giant cockroach attacks as you move away!
The giant cockroach bites you.
* * * LOW HITPOINT WARNING * * *
The bat hits you.
You die...

Action                   || total
-------------------------++-------
Melee: Unarmed           ||    11
       Short sword       ||    39
       Bite              ||     2
 Cast: Freeze            ||    13
 Stab: Sleeping          ||     3
Armor: Robe              ||    15
Dodge: Dodged            ||    50

Levels and vault maps discovered:
D:1:      shiori_shiawase, layout_rooms, dilly_ecumenical_altar_fadedgnrine
D:2:      layout_basic, chequers_decorated_corner

Notes
Turn   | Place    | Note
-------+----------+-------------------------------------------
     0 | D:1      | mcwallace the Gnoll Ice Elementalist began the quest for
                  | the Orb.
     0 | D:1      | Reached XP level 1. HP: 13/13 MP: 6/6
     0 | D:1      | magus.rc [v1.9.6]
   408 | D:1      | HP: 3/13 [dart slug/slug dart (3)]
   410 | D:1      | Reached XP level 2. HP: 4/19 MP: 2/7
  1194 | D:1      | Found a faded altar of an unknown god.
  1465 | D:2      | HP: 5/20 [kobold/+0 short sword (4)]
  1466 | D:2      | HP: 2/20 [kobold/+0 short sword (3)]
  1467 | D:2      | Slain by a bat

Vanquished Creatures
  2 dart slugs
  2 bats (D:2)
  2 endoplasms (D:1)
  A giant cockroach (D:2)
  A goblin (D:1)
  2 hobgoblins (D:1)
  A quokka (D:1)
  3 frilled lizards (D:1)
  2 kobolds
  2 rats
18 creatures vanquished.

Table legend:
 A = Non-vault XP
 B = Vault XP
 C = Vault XP percentage of total XP
 D = Non-vault monster count
 E = Vault monster count
 F = Vault count percentage of total count
                 A         B        C        D         E       F
            +---------+---------+-------+---------+---------+-------
      Total |      33 |       0 |   0.0 |      18 |       0 |   0.0
            +---------+---------+-------+---------+---------+-------
        D:1 |      21 |       0 |   0.0 |      12 |       0 |   0.0
        D:2 |      12 |       0 |   0.0 |       6 |       0 |   0.0
            +---------+---------+-------+---------+---------+-------

Illustrated notes

Table legend:
 A = Kills in this place as a percentage of kills in entire the game.
 B = Kills by you in this place as a percentage of kills by you in the entire game.
 C = Kills by friends in this place as a percentage of kills by friends in the entire game.
 D = Other kills in this place as a percentage of other kills in the entire game.
 E = Experience gained in this place as a percentage of experience gained in the entire game.
 F = Experience gained in this place divided by the number of levels of this place that you have seen.
                   A       B       C       D       E      F
               +-------+-------+-------+-------+-------+----------------------
         Total | 100.0 | 100.0 |   N/A |   N/A | 100.0 |  16.5
       Dungeon | 100.0 | 100.0 |   N/A |   N/A | 100.0 |  16.5
               +-------+-------+-------+-------+-------+----------------------

Table legend: (Time is in decaauts)
 A = Elapsed time spent in this place.
 B = Non-inter-level travel time spent in this place.
 C = Inter-level travel time spent in this place.
 D = Time resting spent in this place.
 E = Time spent auto-exploring this place.
 F = Levels seen in this place.
 G = Mean time per level.
                   A        B        C        D        E       F      G
               +--------+--------+--------+--------+--------+-----+--------+
         Total |   1469 |   1399 |     70 |    198 |    989 |   2 |  734.5 |
       Dungeon |   1469 |   1399 |     70 |    198 |    989 |   2 |  734.5 |
               +--------+--------+--------+--------+--------+-----+--------+

Top non-repeatable levels by time:
     D:1: 1281 daAuts
     D:2: 188 daAuts
